 Dungeon Crawl Stone Soup version 0.24-a0-584-g9d6b971 (webtiles) character file.

Game seed: 4504366121449798690, levelgen mode: deterministic

49 Firecrotchwizard the Slasher (level 3, 0/28 HPs)
             Began as a Demonspawn Gladiator on Aug 31, 2019.
             Killed from afar by an orc wizard (2 damage)
             ... with a magic dart
             ... on level 4 of the Dungeon.
             The game lasted 00:02:01 (1026 turns).

Firecrotchwizard the Slasher (Demonspawn Gladiator) Turns: 1026, Time: 00:02:01

Health: 0/28       AC:  6    Str: 15    XL:     3   Next: 51%
Magic:  3/3        EV: 13    Int:  9    God:
Gold:   74         SH:  0    Dex: 14    Spells: 2/2 levels left

rFire    . . .     SeeInvis .   a - +0 long sword
rCold    + . .     Gourm    .   (no shield)
rNeg     . . .     Faith    .   b - +0 leather armour
rPois    .         Spirit   .   c - +0 helmet
rElec    .         Reflect  .   (no cloak)
rCorr    .         Harm     .   (no gloves)
MR       .....                  (no boots)
Stlth    +.........             (no amulet)
HPRegen  0.09/turn              (no ring)
MPRegen  0.08/turn              (no ring)

@: hasted, very quick
A: thin metallic scales 1, cold resistance 1
a: no special abilities


You were on level 4 of the Dungeon.
You were not hungry.

You visited 1 branch of the dungeon, and saw 3 of its levels.

You collected 74 gold pieces.

Inventory:

Hand Weapons
 a - a +0 long sword (weapon)
Missiles
 d - 3 throwing nets {=f, !d}
Armour
 b - a +0 leather armour (worn)
 c - a +0 helmet (worn)
Scrolls
 h - 2 scrolls of identify
 l - a scroll of fog
Potions
 i - a potion of curing {unknown}
 j - a potion of brilliance {unknown}
Comestibles
 f - a ration
 g - 3 chunks of flesh {@w0}


   Skills:
 + Level 2.5 Fighting
 * Level 3.5 Long Blades
 - Level 1.7 Throwing
 + Level 3.1 Dodging


You had 2 spell levels left.
You didn't know any spells.
Your spell library was empty.

Dungeon Overview and Level Annotations

Branches:
Dungeon (2/15)

Altars:


Innate Abilities, Weirdness & Mutations

You are partially covered in thin metallic scales. (AC +2)
Your flesh is cold resistant. (rC+)


Message History

Done exploring.
Done exploring.
(D) Dungeon
Where to? (Enter - D:1 @ (x,y), ? - help)
There is an open door here.
There is a stone staircase leading down here.
You climb downwards.
A giant cockroach comes into view.
There is a stone staircase leading up here.
A frilled lizard comes into view.
The frilled lizard hisses angrily.
The giant cockroach bites you but does no damage.
Found a stone staircase leading down.
You see here 14 gold pieces.
You closely miss the giant cockroach. The giant cockroach closely misses you.
You barely miss the giant cockroach. The giant cockroach closely misses you.
You riposte.
You hit the giant cockroach.
You kill the giant cockroach!
Your Dodging skill increases to level 3!
The frilled lizard bites you but does no damage.
Health restored: 23 You barely miss the frilled lizard.
The frilled lizard bites you but does no damage.
You closely miss the frilled lizard. The frilled lizard barely misses you.
The frilled lizard closely misses you.
You riposte.
You barely miss the frilled lizard. You slash the frilled lizard!
You kill the frilled lizard!
No target in view!
You now have 64 gold pieces (gained 14).
You butcher the giant cockroach corpse.
g - 2 chunks of flesh {@w0}
h - 3 scrolls labeled WUFOOC MIFONG (gained 1)
You butcher the frilled lizard corpse.
g - 3 chunks of flesh {@w0} (gained 1)
You see here a frilled lizard skeleton. x2
You now have 74 gold pieces (gained 10).
m - a scroll labeled RUSKOR OCHEJOM You fall into a shaft and drop 2 floors!
The shaft crumbles and collapses.
An iguana comes into view.
The iguana hisses angrily.
An orc comes into view. It is wielding a +0 mace.
The orc shouts!
An orc comes into view. It is wielding a +0 dagger.
The orc shouts!
An orc comes into view. It is wielding a +0 club.
The orc shouts!
An orc wizard comes into view. It is wielding a +0 dagger.
The orc wizard shouts!
A giant cockroach comes into view.
You aren't carrying any items that you can evoke.
(D) Dungeon
Where to? (Enter - D:2, ? - help)
Okay, then.
Okay, then.
As you read the scroll labeled TOSAYP QECICI, it crumbles to dust.
The scroll dissolves into smoke.
It was a scroll of fog.
An orc priest comes into view. It is wielding a +0 mace.
As you read the scroll labeled WUFOOC MIFONG, it crumbles to dust.
It is a scroll of identify.
e - a potion of haste
As you read the scroll labeled MYEXUR WAAMOU, it crumbles to dust.
You feel aware of your surroundings.
It was a scroll of magic mapping.
The giant cockroach closely misses you.
You riposte.
You slash the giant cockroach!
You kill the giant cockroach!
As you read the scroll labeled RUSKOR OCHEJOM, it crumbles to dust.
You smell wet wool.
It was a scroll of random uselessness.
The iguana closely misses you.
You riposte.
You closely miss the iguana.
You feel yourself speed up. The iguana bites you.
You take 6 damage, and have 17/23 hp.
MASSIVE DAMAGE!!
You hit the iguana but do no damage. The iguana bites you!
You take 10 damage, and have 7/23 hp.
MASSIVE DAMAGE!!
You slash the iguana! The orc hits you but does no damage.
You hit the iguana.
The iguana bites you but does no damage.
You hit the iguana but do no damage. The iguana barely misses you.
The orc hits you with a +0 mace.
* * * LOW HITPOINT WARNING * * *
The orc hits you with a +0 club.
* * * LOW HITPOINT WARNING * * *
You take 6 damage, and have 1/23 hp.
MASSIVE DAMAGE!!
You hit the iguana.
You kill the iguana!
You have reached level 3!
Your experience leads to an increase in your attributes!
Increase (S)trength, (I)ntelligence, or (D)exterity?
You feel stronger.
Your demonic ancestry asserts itself...
You feel resistant to cold.
The orc wizard hits you but does no damage.
The orc completely misses you.
You riposte.
You closely miss the orc.
MP restored: 3 You completely miss the orc wizard.
The orc closely misses you.
The orc wizard gestures at you while chanting.
The magic dart hits you.
You die...

*,,,,,,,,,,,,*,*,,,,**,*********
************,*,*,*****,*,,,,,,,,
*,*,,,,,,,,,,,,,,,,,,
*,*>,,,,,,,,***,*,*,*
*,*********** **,*,** *,*
*,***,* *,* **,*,**
*####+##########* *,*,*,*
*.....§o@§.§....* **,*,**
*....§§ooo§§....* *,***,*
*....§§§§§§§....* **,*,**
*....§§§........* *,*,*,*
*...............* **,*,**
*o..............* *,***,*
*.oo............* **,*,**
*.o.............* *,*,*,*
*,,,,,,,,,,,,,,,* **,*,**


You could see an orc wizard and 3 orcs.

Vanquished Creatures
  An iguana (D:4)
  A dart slug (D:1)
  A ball python (D:1)
  2 bats (D:1)
  3 giant cockroaches
  2 goblins (D:1)
  3 hobgoblins (D:1)
  3 frilled lizards
  2 kobolds (D:1)
  3 rats (D:1)
21 creatures vanquished.

Notes
Turn   | Place    | Note
-------+----------+-------------------------------------------
     0 | D:1      | Firecrotchwizard the Demonspawn Gladiator began the quest
                  | for the Orb.
     0 | D:1      | Reached XP level 1. HP: 16/16 MP: 1/1
   314 | D:1      | Reached skill level 3 in Long Blades
   315 | D:1      | Gained mutation: You are partially covered in thin metallic
                  | scales. (AC +2) [demonic ancestry]
   315 | D:1      | Reached XP level 2. HP: 19/22 MP: 2/2
   986 | D:2      | Reached skill level 3 in Dodging
  1015 | D:2      | You fall into a shaft and drop 2 floors!
  1024 | D:4      | HP: 2/23 [orc/+0 mace (5)]
  1025 | D:4      | Gained mutation: Your flesh is cold resistant. (rC+)
                  | [demonic ancestry]
  1025 | D:4      | Reached XP level 3. HP: 1/28 MP: 3/3
  1026 | D:4      | Killed from afar by an orc wizard

Levels and vault maps discovered:
D:1:      evilmike_arrival_hilbert_curve, layout_basic, minmay_distorted
D:2:      layout_basic, first_ration
D:4:      layout_basic, roderic_roman_lattice, uniq_grinder

Skill      XL: |  1  2 |
---------------+-------+-----
Long Blades    | 3 |  3.5
Dodging        | 3 |  3.1
Fighting       | |  2.5
Throwing       | |  1.7

Action                   || total
-------------------------++-------
Melee: Long sword        ||    63
  Use: Scroll            ||     4
       Potion            ||     1
Armor: Leather armour    ||    24
Dodge: Dodged            ||    51
       Rpst.: Long sword ||    15

Table legend:
 A = Non-vault XP
 B = Vault XP
 C = Vault XP percentage of total XP
 D = Non-vault monster count
 E = Vault monster count
 F = Vault count percentage of total count
                 A         B        C        D         E       F
            +---------+---------+-------+---------+---------+-------
      Total |      69 |       1 |   1.4 |      20 |       1 |   4.8
            +---------+---------+-------+---------+---------+-------
        D:1 |      29 |       1 |   3.3 |      16 |       1 |   5.9
        D:2 |       3 |       0 |   0.0 |       2 |       0 |   0.0
        D:4 |      37 |       0 |   0.0 |       2 |       0 |   0.0
            +---------+---------+-------+---------+---------+-------

Levels and vault maps discovered:
D:1:      evilmike_arrival_hilbert_curve, layout_basic, minmay_distorted
D:2:      layout_basic, first_ration
D:4:      layout_basic, roderic_roman_lattice, uniq_grinder

Table legend:
 A = Turns spent in this place as a percentage of turns spent in the entire game.
 B = Non-inter-level travel turns spent in this place as a percentage of non-inter-level travel turns spent in the entire game.
 C = Inter-level travel turns spent in this place as a percentage of turns spent in this place.
 D = Turns resting spent in this place as a percentage of non-inter-level travel turns spent in this place.
 E = Turns spent auto-exploring this place as a percentage of non-inter-level travel turns spent in this place.
 F = Non-inter-level travel turns spent in this place divided by the number of levels of this place that you've seen.
                   A       B       C       D       E      F
               +-------+-------+-------+-------+-------+----------------------
         Total | 100.0 | 100.0 |   5.6 |  10.4 |  75.4 | 323.0
       Dungeon | 100.0 | 100.0 |   5.6 |  10.4 |  75.4 | 323.0
               +-------+-------+-------+-------+-------+----------------------

Table legend:
 A = Kills in this place as a percentage of kills in entire the game.
 B = Kills by you in this place as a percentage of kills by you in the entire game.
 C = Kills by friends in this place as a percentage of kills by friends in the entire game.
 D = Other kills in this place as a percentage of other kills in the entire game.
 E = Experience gained in this place as a percentage of experience gained in the entire game.
 F = Experience gained in this place divided by the number of levels of this place that you have seen.
                   A       B       C       D       E      F
               +-------+-------+-------+-------+-------+----------------------
         Total | 100.0 | 100.0 |   N/A |   N/A | 100.0 |  23.3
       Dungeon | 100.0 | 100.0 |   N/A |   N/A | 100.0 |  23.3
               +-------+-------+-------+-------+-------+----------------------
